 Dungeon Crawl Stone Soup version 0.30-a0-782-ge64f9170bb (webtiles) character file.

Game seed: 10294404759015066078

19471 Flugkiller the Nimble (level 12, -4/77 HPs)
             Began as a Deep Elf Monk on Feb 28, 2023.
             Was a High Priest of Wu Jian.
             Killed from afar by Jorgrun (29 damage)
             ... with a blast of rock fragments
             ... on level 1 of the Orcish Mines.
             The game lasted 00:31:28 (14950 turns).

Flugkiller the Nimble (Deep Elf Monk)              Turns: 14950, Time: 00:31:29

Health: -4/77      AC: 10    Str:  8    XL:     12   Next: 36%
Magic:  8/26       EV: 29    Int: 20    God:    Wu Jian [*****.]
Gold:   977        SH: 11    Dex: 21    Spells: 21/27 levels left

rFire   + . .      SeeInvis .    T - +4 scimitar (freeze)
rCold   + . .      Faith    .    m - +0 buckler
rNeg    . . .      Spirit   .    J - +3 leather armour {rC+}
rPois   .          Reflect  +    (no helmet)
rElec   +          Harm     .    (no cloak)
rCorr   .          Rampage  .    u - +0 pair of gloves
Will    +....                    a - +2 pair of boots of Divine Contentment {rElec rF+ Int+3}
Stlth   +++                      l - amulet of reflection
HPRegen 0.32/turn                I - +5 ring of evasion
MPRegen 0.20/turn                v - +5 ring of evasion

@: exhausted
A: no striking features
a: Renounce Religion, Wall Jump, Serpent's Lash, Heavenly Storm


You were on level 1 of the Orcish Mines.
You worshipped Wu Jian.
Wu Jian was extremely pleased with you.
You visited 4 branches of the dungeon, and saw 15 of its levels.

You collected 1669 gold pieces.
You spent 692 gold pieces at shops.

Inventory:

Hand Weapons
 c - a +2 short sword of venom
   (You took it off a kobold on level 1 of the Dungeon)
 T - a +4 scimitar of freezing (weapon)
   (You took it off a wight on level 9 of the Dungeon)
 U - a +3 great sword
   (You took it off a wight on level 8 of the Dungeon)
Missiles
 G - 4 curare-tipped darts (quivered)
Armour
 a - the +2 pair of boots of Divine Contentment (worn) {rElec rF+ Int+3}
   (You acquired it on level 10 of the Dungeon)

   Int:       It affects your intelligence (+3).
   rF:        It protects you from fire.
   rElec:     It insulates you from electricity.
 h - a +2 pair of boots
   (You bought it in a shop on level 3 of the Dungeon)
 m - a +0 buckler (worn)
   (You found it on level 2 of the Dungeon)
 u - a +0 pair of gloves (worn)
   (You found it on level 2 of the Dungeon)
 J - a +3 leather armour of cold resistance (worn)
   (You took it off Duvessa on level 5 of the Dungeon)
 L - a +2 robe of the Archmagi
   (You took it off Dowan on level 5 of the Dungeon)
Jewellery
 e - an amulet of regeneration
   (You found it on level 1 of the Dungeon)
 f - a +6 ring of dexterity
   (You found it on level 2 of the Dungeon)
 i - a ring of see invisible
   (You found it on level 3 of the Dungeon)
 l - an amulet of reflection (around neck)
   (You found it on level 2 of the Dungeon)
 o - a ring of poison resistance
   (You found it on level 11 of the Dungeon)
 p - a ring of protection from fire
   (You found it on level 4 of the Dungeon)
 v - a +5 ring of evasion (right hand)
   (You found it on level 9 of the Dungeon)
 H - a +6 ring of intelligence
   (You found it on level 5 of the Dungeon)
 I - a +5 ring of evasion (left hand)
   (You found it on level 12 of the Dungeon)
Wands
 A - a wand of mindburst (20)
   (You found it on level 5 of the Dungeon)
 E - a wand of charming (5)
   (You found it on level 9 of the Dungeon)
 F - a wand of flame (41)
   (You took it off Ijyb on level 5 of the Dungeon)
Scrolls
 s - 3 scrolls of enchant weapon
 t - 10 scrolls of teleportation
 x - a scroll of fog
 y - 3 scrolls of brand weapon
 z - 7 scrolls of blinking
 B - a scroll of summoning
 C - 2 scrolls of immolation
 D - 3 scrolls of poison
 K - 3 scrolls of enchant armour
 N - a scroll of silence
 Q - a scroll of vulnerability
 R - 3 scrolls of fear
Potions
 b - 2 potions of ambrosia
 d - 3 potions of might
 g - 2 potions of cancellation
 j - 3 potions of flight
 k - 2 potions of lignification
 n - 2 potions of resistance
 q - 8 potions of curing
 r - a potion of haste {unknown}
 w - 2 potions of heal wounds
 M - 5 potions of brilliance
 O - a potion of mutation
 P - a potion of attraction
 S - 2 potions of berserk rage {unknown}
 V - 2 potions of invisibility


   Skills:
 + Level 9.9 Fighting
 - Level 6.0(6.9) Short Blades
 - Level 4.7(6.0) Long Blades
 - Level 11.0 Dodging
 - Level 5.0 Stealth
 - Level 4.0 Shields
 - Level 8.0 Spellcasting
 - Level 8.0 Translocations
 - Level 4.0 Transmutations
 - Level 6.0 Evocations


You had 21 spell levels left.
You knew the following spells:

 Your Spells              Type           Power      Damage    Failure   Level
a - Manifold Assault      Tloc           40%        N/A       6%          4
b - Wereblood             Tmut           24%        N/A       4%          2

Your spell library contained the following spells:

 Spells                   Type           Power      Damage    Failure   Level
 Lesser Beckoning         Tloc           80%        N/A       1%          2
 Beastly Appendage        Tmut           48%        N/A       3%          1
 Passage of Golubria      Tloc           40%        N/A       6%          4
 Vhi's Electric Charge    Tloc/Air       48%        N/A       10%         3
 Spider Form              Tmut/Pois      16%        N/A       22%         3
 Tukima's Dance           Hex            8%         N/A       43%         3
 Yara's Violent Unravell  Hex/Tmut       8%         3d5       89%         5
 Spellforged Servitor     Conj/Summ      4%         N/A       100%        7


Dungeon Overview and Level Annotations

Branches:
Dungeon (12/15) Zot: 26282  Temple (1/1) D:4 Zot: 5778    Lair (1/5) D:8 Zot: 4373
    Orc (1/2) D:12 Zot: 5804

Altars:
Ashenzari
Cheibriados
Dithmenos
Elyvilon
Fedhas
Gozag
Hepliaklqana
Kikubaaqudgha
Makhleb
Nemelex Xobeh
Okawaru
Qazlal
Ru
Sif Muna
Trog
Uskayaw
Vehumet
Wu Jian
Xom
Yredelemnul
Zin
The Shining One

Shops:
D:2 *   D:3 [   D:4 :   D:5 (   D:6 ?   D:8 *   Orc:1 ?

Annotations:
D:9 1 runed translucent door, DEFE's ghost, novice DsWn
Orc:1 Jorgrun


Message History

An orc priest comes into view. It is wielding a +0 dagger.
Found 11 gold pieces.
An orc comes into view.
It is wielding a +0 antimagic short sword.
The orc priest moves out of view. 2 orcs come into view.
The orc moves out of view. x2
The orc warrior shouts!
The orc shouts! x3; You hear a shout!
Jorgrun Earthshaker comes into view.
He is wielding a staff of earth.
An orc comes into view. It is wielding a +0 club.
Jorgrun shouts!
You hear a howl!
You completely miss the orc warrior. You block the orc warrior's attack.
An orc comes into view. It is wielding a +0 whip.
Casting: Manifold Assault (dangerous; 6% risk of failure)
Confirm with . or Enter, or press ? or * to list all spells.
Space momentarily warps into an impossible shape!
You hit the orc warrior but do no damage.
You closely miss the orc. You barely miss the orc.
The orc priest looks braver for a moment.
Casting: Manifold Assault (dangerous; 6% risk of failure)
Confirm with . or Enter, or press ? or * to list all spells.
Space momentarily warps into an impossible shape!
You slash the orc! You freeze the orc.
You kill the orc!
The Council accepts your kill.
You hit the orc priest. You freeze the orc priest. You closely miss the orc.
The orc completely misses you. x2; Some rock shatters into small pieces.
The orc warrior hits you with a +0 dire flail.
You hear a shout!
Casting: Manifold Assault (dangerous; 6% risk of failure)
Confirm with . or Enter, or press ? or * to list all spells.
Space momentarily warps into an impossible shape!
You completely miss the orc. You closely miss the orc warrior.
You hit Jorgrun but do no damage.
An orc warrior comes into view. It is wielding a +0 glaive.
You block the orc's attack. The orc warrior misses you.
The orc priest misses you. The orc hits you but does no damage.
You spin and attack the orc warrior.
You closely miss the orc warrior.
The orc priest looks encouraged for a moment.
Unknown command.
Casting: Manifold Assault (dangerous; 6% risk of failure)
Confirm with . or Enter, or press ? or * to list all spells.
Space momentarily warps into an impossible shape!
You closely miss the orc. You hit the orc priest. You freeze the orc priest.
You slash the orc warrior! You freeze the orc warrior.
The orc barely misses you. You block the orc's attack.
The orc priest calls down the wrath of Beogh upon you.
Beogh smites you! You block the orc warrior's attack.
Jorgrun gestures at you while chanting. You resist with significant effort.
Unknown command.
Casting: Manifold Assault (dangerous; 6% risk of failure)
Confirm with . or Enter, or press ? or * to list all spells.
Space momentarily warps into an impossible shape!
You slash the orc! You freeze the orc.
You kill the orc!
The Council accepts your kill.
You slash the orc warrior! You freeze the orc warrior.
You kill the orc warrior!
The Council accepts your kill. The orc hits you but does no damage.
An ogre comes into view. It is wielding a +0 giant spiked club.
You block the orc warrior's attack.
You slash the orc priest! You freeze the orc priest.
You kill the orc priest!
The Council accepts your kill. You block the orc's attack.
The orc hits you with a +0 dagger. The orc warrior barely misses you.
Unknown command.
You hit the orc. You freeze the orc.
The orc is almost dead.
The orc misses you. The orc completely misses you. You block the orc's attack.
Jorgrun says, "A few more walls knocked out 'ere an' thar an' 'tis whole place will come crashin' down."
The orc warrior hits you with a +0 dire flail.
Unknown command.
You hit the orc. You freeze the orc.
You kill the orc!
The Council accepts your kill.
Jorgrun points next to you and mumbles some strange words.
The wall shatters!
The blast of rock fragments hits the orc!!!
The orc dies!
The blast of rock fragments hits you!! You block the orc's attack.
The orc warrior misses you. The orc warrior closely misses you.
The orc misses you.
Unknown command.
Your muscles tense, ready for explosive movement...
You spin and attack the orc warrior, with incredible momentum.
You hit the orc warrior. You freeze the orc warrior.
The orc warrior is lightly wounded.
You spin and attack the orc warrior, with incredible momentum.
You hit the orc warrior but do no damage.
The orc warrior is lightly wounded.
Your supernatural speed expires.
Unknown command.
Blink to where?
Press: ? - help, Dir - move target
As you read the scroll of blinking, it crumbles to dust.
Jorgrun gestures next to you while chanting.
The wall shatters!
The blast of rock fragments hits you!!
You die...

....#.# ...$... ##
....... #. #..... #.
.....#. ...#.#..#####
.......)#...###
..)..O.go.....####
..).....o○....@#.##
....##...§.##.#...#######
...
#....#######...##...## ..
##...# #.........# .
##.## ##..#.....## ###
##......#...# ###
#..........####.#
............##....
#.#......<#.##....#


You could see Jorgrun, an orc warrior and an orc.

Vanquished Creatures
  2 two-headed ogres
  A death yak (Lair:1)
  An ugly thing (D:12)
  3 manticores
  3 elephants (Lair:1)
  2 cane toads (Lair:1)
  A gargoyle (D:9)
  2 black mambas (Lair:1)
  Maggie (D:6)
  A komodo dragon (Lair:1)
  3 hornets
  A troll (D:10)
  A blink frog (Lair:1)
  Grinder (D:6)
  4 slime creatures
  2 shadows
  A centaur simulacrum (D:12)
  14 yaks
  3 wraiths
  Sigmund (D:6)
  A water elemental (D:11)
  A wyvern (Lair:1)
  A basilisk (Lair:1)
  2 steam dragons
  A warg (Orc:1)
  2 acid dragons (D:10)
  4 water moccasins
  Duvessa (D:5)
  7 orc warriors
  2 ice beasts
  2 black bears (D:4)
  2 sky beasts
  An ogre (D:6)
  3 wolves
  2 centaurs
  5 phantoms
  3 kobold brigands
  3 gnoll sergeants
  7 bullfrogs
  A scorpion (D:6)
  2 necrophages
  11 wights
  3 troll zombies (D:12)
  Dowan (D:5)
  27 killer bees
  5 howler monkeys
  2 hounds
  7 jellies
  3 gnoll boudas
  9 orc priests
  Jessica (D:3)
  4 iguanas
  Ijyb (D:5)
  10 orc wizards
  18 gnolls
  5 adders
  A shadow imp (D:7)
  9 white imps
  3 ufetubi
  8 dart slugs
  34 orcs
  3 ball pythons
  3 bats
  6 endoplasms
  5 giant cockroaches
  6 goblins
  6 hobgoblins
  12 jackals
  6 quokkas
  2 frilled lizards
  A goblin skeleton (D:12)
  3 goblin zombies (D:12)
  27 kobolds
  3 orc skeletons (D:12)
  9 orc zombies (D:12)
  3 rats (D:3)
358 creatures vanquished.

Vanquished Creatures (others)
  An orc (Orc:1)
  4 plants (Lair:1)
5 creatures vanquished.

Grand Total: 363 creatures vanquished

Notes
Turn   | Place    | Note
-------+----------+-------------------------------------------
     0 | D:1      | Flugkiller the Deep Elf Monk began the quest for the Orb.
     0 | D:1      | Reached XP level 1. HP: 13/13 MP: 3/3
   489 | D:1      | Reached skill level 4 in Dodging
   489 | D:1      | Reached XP level 2. HP: 18/18 MP: 4/4
   968 | D:1      | Reached XP level 3. HP: 22/22 MP: 5/5
  1074 | D:1      | Identified a scroll of acquirement
  1975 | D:2      | Found Qakar's General Store.
  1986 | D:2      | Bought a scroll of fear for 44 gold pieces
  2126 | D:3      | Found a large runed translucent door.
  2127 | D:3      | Found a large runed translucent door.
  2304 | D:3      | Found Maumu's Armour Shoppe.
  2313 | D:3      | Noticed Jessica
  2316 | D:3      | Killed Jessica
  2317 | D:3      | Reached skill level 5 in Dodging
  2317 | D:3      | Reached XP level 4. HP: 28/28 MP: 6/6
  2321 | D:3      | Acquired 543 gold pieces
  2323 | D:3      | Bought a +2 pair of boots for 231 gold pieces
  2540 | D:2      | Bought a potion of invisibility for 88 gold pieces
  2540 | D:2      | Bought a scroll of brand weapon for 104 gold pieces
  2917 | D:3      | Found a burning altar of Makhleb.
  2931 | D:3      | Found an opulent altar of Gozag.
  2987 | D:4      | Found a staircase to the Ecumenical Temple.
  3000 | Temple   | Entered the Ecumenical Temple
  3202 | Temple   | Became a worshipper of the Wu Jian Council
  3202 | Temple   | Reached * piety under Wu Jian
  3202 | Temple   | Reached ** piety under Wu Jian
  3251 | D:4      | Noticed a black bear
  3275 | D:4      | Reached XP level 5. HP: 32/32 MP: 7/7
  3282 | D:4      | Killed a black bear
  3386 | D:4      | Found Dookhi's Self-Improvement Boutique.
  3428 | D:4      | Reached skill level 1 in Shields
  3428 | D:4      | Reached XP level 6. HP: 24/37 MP: 8/8
  3539 | D:4      | Reached skill level 6 in Dodging
  3631 | D:4      | Reached skill level 5 in Short Blades
  3999 | D:5      | Entered Level 5 of the Dungeon
  4000 | D:5      | Noticed Duvessa
  4003 | D:5      | Noticed Dowan
  4009 | D:5      | Killed Duvessa
  4010 | D:5      | Reached XP level 7. HP: 41/41 MP: 9/9
  4086 | D:5      | Killed Dowan
  4204 | D:5      | Reached skill level 1 in Evocations
  4638 | D:5      | Noticed Ijyb
  4651 | D:5      | Killed Ijyb
  4658 | D:5      | Identified the +10 mace "Plog" {drain, Str+5 Int-5 Stlth+}
  4796 | D:5      | Reached XP level 8. HP: 31/48 MP: 10/10
  5023 | D:5      | Reached skill level 5 in Stealth
  5052 | D:5      | Found Doiho's Weapon Shoppe.
  5555 | D:6      | Reached skill level 7 in Dodging
  5557 | D:6      | Reached *** piety under Wu Jian
  5565 | D:6      | Noticed Sigmund
  5566 | D:6      | Got the Folio of Summoning and the Wayfarer
  5601 | D:5      | Learned a level 4 spell: Manifold Assault
  5780 | D:6      | Reached skill level 8 in Dodging
  5797 | D:6      | Noticed Maggie
  5807 | D:6      | Killed Maggie
  5808 | D:6      | Reached XP level 9. HP: 51/53 MP: 11/11
  5825 | D:6      | Reached skill level 5 in Fighting
  5861 | D:6      | Noticed Grinder
  5871 | D:6      | Paralysed by Grinder for 2 turns
  5875 | D:6      | Killed Grinder
  5970 | D:6      | Killed Sigmund
  6014 | D:6      | Found Dyminythi's Magic Scroll Shoppe.
  6019 | D:6      | Reached skill level 5 in Evocations
  6026 | D:6      | Bought a scroll of blinking for 75 gold pieces
  6026 | D:6      | Bought a scroll of blinking for 75 gold pieces
  6026 | D:6      | Bought a scroll of enchant armour for 75 gold pieces
  6225 | D:6      | Reached skill level 1 in Spellcasting
  6298 | D:6      | Reached skill level 1 in Translocations
  6364 | D:7      | Learned a level 2 spell: Wereblood
  7482 | D:8      | Reached skill level 5 in Translocations
  7561 | D:8      | Reached XP level 10. HP: 55/60 MP: 18/18
  7727 | D:8      | Noticed a two-headed ogre
  8068 | D:8      | Killed a two-headed ogre
  8069 | D:8      | Reached skill level 5 in Spellcasting
  8751 | D:8      | Found Faasem's Lightly-Used Armoury.
  8866 | D:8      | Found a staircase to the Lair.
  9174 | D:9      | Reached **** piety under Wu Jian
  9322 | D:9      | Noticed a gargoyle
  9329 | D:9      | Killed a gargoyle
  9481 | D:9      | Found a runed translucent door.
  9482 | D:9      | Noticed DEFE's ghost (novice DsWn)
  9550 | D:9      | Reached skill level 9 in Dodging
 10316 | D:10     | Entered Level 10 of the Dungeon
 10316 | D:10     | Noticed a two-headed ogre
 10320 | D:10     | Killed a two-headed ogre
 10321 | D:10     | Reached skill level 10 in Dodging
 10321 | D:10     | Reached XP level 11. HP: 64/64 MP: 5/22
 10325 | D:10     | Reached skill level 1 in Long Blades
 11040 | D:10     | Acquired the +2 pair of boots of Divine Contentment {rElec
                  | rF+ Int+3}
 12182 | Lair:1   | Entered Level 1 of the Lair of Beasts
 12941 | Lair:1   | Reached ***** piety under Wu Jian
 13052 | Lair:1   | Noticed a death yak
 13138 | Lair:1   | Killed a death yak
 13277 | Lair:1   | Reached skill level 11 in Dodging
 13517 | Lair:1   | Reached XP level 12. HP: 73/73 MP: 9/26
 13824 | Lair:1   | Noticed a catoblepas
 14406 | D:12     | Found a staircase to the Orcish Mines.
 14619 | Orc:1    | Entered Level 1 of the Orcish Mines
 14765 | Orc:1    | Found Ucahiffo's Magic Scroll Emporium.
 14939 | Orc:1    | Noticed Jorgrun
 14950 | Orc:1    | Killed from afar by Jorgrun

Illustrated notes

Levels and vault maps discovered:
D:1:      tarquinn_simple_flora_water_d, layout_loops_ring,
          palyth_stone_intersect
D:2:      layout_basic, serial_glass, glass_columns_b, glass_columns_c,
          serial_shops, nicolae_lakefront_shop, minmay_pentomino_pile
D:3:      layout_basic, jmf_multi_god_temple2, serial_shops,
          nicolae_shop_advertising_works [nicolae_subvault_shop_adworks],
          kennysheep_generic_room_5, uniq_jessica
D:4:      layout_loops_ring, temple_fountains, nicolae_shop_self_help
D:5:      dreamdust_elfheim, layout_basic, serial_shops,
          nicolae_shop_bloodbath_and_beyond, minmay_joined_circles, uniq_ijyb,
          uniq_duvessa
D:6:      layout_basic, serial_shops, shop, uniq_maggie, uniq_sigmund,
          uniq_grinder
D:7:      layout_gridville
D:8:      layout_loops_ring, lair_entry_dummy, eino_tiny_chamber,
          minmay_misc_feat_more_columns, minmay_shop_damaged
D:9:      layout_long_grid, gammafunk_ghost_grave
D:10:     layout_cave_pools, serial_gnoll_camp, gnoll_camp_mini_hut,
          gnoll_camp_mini_doghouse, gnoll_camp_mini_hut,
          gnoll_camp_mini_loothouse
D:11:     layout_rooms
D:12:     layout_stronghold, zombieorc1_lemuel, serial_ice, serial_ice_c,
          serial_ice_n, serial_ice_b, serial_ice_k, serial_ice_h, serial_ice_m,
          portal_ice_cave_entry_pillars_1, zin_statuary
Temple:   nicolae_temple_slightly_damp_pantheon
Lair:1:   layout_cave_pods, minmay_shattered_shrine
Orc:1:    layout_caves, serial_shops, nicolae_shop_trees, uniq_jorgrun

Skill      XL: |  1  2  3  4  5  6  7  8  9 10 11 12 |
---------------+-------------------------------------+-----
Dodging        | 4 5 6 8 10 11 | 11.0
Fighting       | 3 4 6 8 9 |  9.9
Short Blades   | 4 5 6 |  6.0
Shields        | 1 3 4 |  4.0
Stealth        | 4 5 |  5.0
Evocations     | 3 4 6 |  6.0
Spellcasting   | 4 6 8 |  8.0
Translocations | 5 8 |  8.0
Transmutations | 4 |  4.0
Long Blades    | 4 |  4.7

Action                     |  1- 3 |  4- 6 |  7- 9 | 10-12 || total
---------------------------+-------+-------+-------+-------++-------
  Melee: Short sword       |   123 |   119 |   428 |   219 ||   889
         Scimitar          |       |       |       |   539 ||   539
   Cast: Manifold Assault  |       |       |       |   177 ||   177
 Invoke: Serpent's Lash    |       |       |     7 |    13 ||    20
Ability: Lunge             |       |    12 |    29 |    22 ||    63
         Whirlwind         |       |     3 |    18 |    24 ||    45
  Evoke: Wand              |       |       |     5 |       ||     5
    Use: Potion            |     3 |       |       |       ||     3
         Scroll            |     6 |     5 |     7 |     9 ||    27
   Stab: Sleeping          |    10 |     7 |    14 |     6 ||    37
         Distracted        |       |     1 |     4 |     3 ||     8
 Armour: Robe              |    13 |    15 |    12 |    23 ||    63
         Leather armour    |       |       |    19 |    13 ||    32
         Steam dragon scal |       |       |     8 |       ||     8
  Dodge: Dodged            |    65 |    37 |   130 |   339 ||   571
  Block: Buckler           |     9 |    44 |   152 |   265 ||   470
         Reflection        |       |     2 |     3 |    11 ||    16

Table legend: (Time is in decaauts)
 A = Elapsed time spent in this place.
 B = Non-inter-level travel time spent in this place.
 C = Inter-level travel time spent in this place.
 D = Time resting spent in this place.
 E = Time spent auto-exploring this place.
 F = Levels seen in this place.
 G = Mean time per level.
                   A        B        C        D        E       F      G
               +--------+--------+--------+--------+--------+-----+--------+
         Total |  14856 |  14071 |    785 |   3592 |   6625 |  15 |  990.4 |
       Dungeon |  12812 |  12078 |    734 |   2749 |   5928 |  12 | 1067.7 |
        Temple |    221 |    170 |     51 |      0 |    143 |   1 |  221.0 |
          Lair |   1626 |   1626 |      0 |    843 |    416 |   1 | 1626.0 |
  Orcish Mines |    194 |    194 |      0 |      0 |    138 |   1 |  194.0 |
               +--------+--------+--------+--------+--------+-----+--------+

Top non-repeatable levels by time:
     D:9: 1689 daAuts
  Lair:1: 1626 daAuts
     D:8: 1542 daAuts
     D:7: 1235 daAuts
     D:5: 1164 daAuts
     D:2: 1105 daAuts
     D:1: 1091 daAuts
     D:4: 1053 daAuts
    D:10: 888 daAuts
    D:11: 856 daAuts
     D:6: 843 daAuts
     D:3: 777 daAuts
    D:12: 564 daAuts
  Temple: 221 daAuts
   Orc:1: 194 daAuts
